 Dungeon Crawl Stone Soup version 0.30-a0-377-g5cb311bc9f (webtiles) character file.

Game seed: 11074625109752295359

428 zishaf the Magician (level 7, -2/51 HPs)
             Began as a Djinni Venom Mage on Nov 29, 2022.
             Killed from afar by an orc wizard (7 damage)
             ... with a magic dart
             ... on level 5 of the Dungeon.
             The game lasted 00:04:52 (3757 turns).

zishaf the Magician (Djinni Venom Mage)             Turns: 3757, Time: 00:04:52

Health: -2/51      AC:  5    Str:  7    XL:     7   Next: 18%
Gold:   166        EV: 12    Int: 25    God:
                   SH:  0    Dex: 13

rFire   + + .      SeeInvis .    i - +4 sling
rCold   x . .      Faith    .    (no shield)
rNeg    . . .      Spirit   .    a - +0 robe
rPois   ∞          Reflect  .    (no helmet)
rElec   .          Harm     .    (no cloak)
rCorr   .          Rampage  .    o - +2 pair of gloves
Will    .....                    (boots unavailable)
Stlth   ++........               (no amulet)
HPRegen 0.28/turn                q - +6 ring of intelligence
MPRegen 0.00/turn                (no ring)

@: flying
A: sickness immunity, fire resistance 2, cold vulnerability 1, float, innate
caster, HP casting, extra vitality 1
a: no special abilities


You were on level 5 of the Dungeon.
You visited 1 branch of the dungeon, and saw 5 of its levels.

You collected 166 gold pieces.

Inventory:

Hand Weapons
 i - a +4 sling (weapon)
Armour
 a - a +0 robe (worn)
 o - a +2 pair of gloves (worn)
Jewellery
 q - a +6 ring of intelligence (left hand)
Scrolls
 d - a scroll of blinking
 h - a scroll of teleportation
Potions
 b - a potion of invisibility
 c - a potion of mutation
 g - 4 potions of lignification
 j - a potion of ambrosia {unknown}
 l - a potion of might {unknown}
 m - 4 potions of curing
 r - a potion of heal wounds {unknown}


   Skills:
 + Level 3.6 Fighting
 - Level 2.1 Dodging
 - Level 1.5 Stealth
 * Level 5.0 Spellcasting


You had one spell level left.
You knew the following spells:

 Your Spells              Type           Power      Damage    Failure   Level
a - Sting                 Tmut/Pois      100%       1d8       1%          1
b - Poisonous Vapours     Pois/Air       62%        N/A       1%          2
c - Passwall              Tmut/Erth      25%        N/A       1%          2
y - Apportation           Tloc           62%        N/A       1%          1
z - Mephitic Cloud        Conj/Pois/Air  31%        N/A       3%          3
A - Olgreb's Toxic Radia  Pois           31%        N/A       11%         4
B - Static Discharge      Conj/Air       62%        2-5/arc   1%          2
Your spell library was empty.

Dungeon Overview and Level Annotations

Branches:
Dungeon (5/15)
 Temple: D:4-7

Altars:
Elyvilon
Nemelex Xobeh
Uskayaw
Yredelemnul


Innate Abilities, Weirdness & Mutations

You are immune to sickness and miasma.
You are immune to poison.
Your flesh is very heat resistant. (rF++)
You are vulnerable to cold. (rC-)
You float through the air rather than walking.
You learn spells naturally, not from books.
Your magical power is your life essence.
You have superior vitality. (+4 MHP)


Message History

Casting: Poisonous Vapours (safe; 1% risk of failure)
Confirm with . or Enter, or press ? or * to list all spells.
Aiming: Poisonous Vapours (safe; 1% risk of failure)
Press: ? - help, Dir - move target, f/p - orc priest
Aim: an orc priest, wielding a +0 short sword (very poisoned) Poisonous vapours surround the orc priest!
The orc priest looks as sick as possible!
The orc priest hits you with a +0 short sword.
Casting: Poisonous Vapours (safe; 1% risk of failure)
Confirm with . or Enter, or press ? or * to list all spells.
You begin to radiate toxic energy.
The orc wizard is poisoned.
The orc is poisoned. x2
The orc priest invokes the aid of Beogh against you.
Beogh smites you!
* * * LOW HITPOINT WARNING * * *
The orc attacks as you move away! The orc closely misses you.
You kill the orc! x2
Your toxic aura wanes.
You feel a bit more experienced.
Your Spellcasting skill increases to level 5!
Casting: Olgreb's Toxic Radiance (dangerous; 11% risk of failure)
Confirm with . or Enter, or press ? or * to list all spells.
Aiming: Poisonous Vapours (safe; 1% risk of failure)
Press: ? - help, Dir - move target, f - orc wizard
Aim: an orc wizard, wielding a +0 dagger and wearing a +0 robe (moderately wounded, poisoned) Poisonous vapours surround the orc wizard!
The orc wizard looks even sicker.
* * * LOW HITPOINT WARNING * * *
You see here a +0 falchion.
Casting: Poisonous Vapours (safe; 1% risk of failure)
Confirm with . or Enter, or press ? or * to list all spells.
Aiming: Poisonous Vapours (safe; 1% risk of failure)
Press: ? - help, Dir - move target, f/p - orc wizard
Aim: an orc wizard, wielding a +0 dagger and wearing a +0 robe (heavily wounded, very poisoned) Poisonous vapours surround the orc wizard!
The orc wizard looks as sick as possible!
* * * LOW HITPOINT WARNING * * *
The orc wizard gestures at you while chanting.
The magic dart hits you!
You die...

#########
##........
#.........
#####..#######
#....#@#
#.###..#
#####.
##.##......
#.#.......
#o#..#....
#..)o.....
##....####
#........
#...#####


You could see an orc wizard (extremely poisoned).

Vanquished Creatures
  A black bear (D:3)
  An ogre (D:5)
  A scorpion (D:4)
  2 hounds
  An orc priest (D:5)
  A gnoll (D:1)
  2 adders (D:2)
  5 worms
  A dart slug (D:4)
  6 orcs
  4 bats
  2 endoplasms
  3 giant cockroaches
  5 goblins
  7 hobgoblins
  2 quokkas
  7 ball pythons
  6 frilled lizards
  4 kobolds
  6 rats
67 creatures vanquished.

Notes
Turn   | Place    | Note
-------+----------+-------------------------------------------
     0 | D:1      | zishaf the Djinni Venom Mage began the quest for the Orb.
     0 | D:1      | zishaf set off with the following spells memorised: Sting,
                  | Poisonous Vapours, Mephitic Cloud, Olgreb's Toxic Radiance.
     0 | D:1      | Reached XP level 1. HP: 15/15 MP: 0/0
   123 | D:1      | Reached skill level 1 in Fighting
   123 | D:1      | Reached XP level 2. HP: 20/22 MP: 0/0
   149 | D:1      | Found a faded altar of an unknown god.
   351 | D:1      | Reached XP level 3. HP: 25/27 MP: 0/0
   351 | D:1      | Learned a level 1 spell: Apportation
   405 | D:1      | Reached skill level 3 in Spellcasting
   731 | D:2      | Found a white marble altar of Elyvilon.
  1119 | D:2      | Reached XP level 4. HP: 33/33 MP: 0/0
  1694 | D:3      | Noticed a black bear
  1723 | D:3      | Killed a black bear
  1724 | D:3      | Reached skill level 4 in Spellcasting
  1724 | D:3      | Reached XP level 5. HP: 18/39 MP: 0/0
  1724 | D:3      | Learned a level 2 spell: Static Discharge
  2487 | D:4      | Reached XP level 6. HP: 35/45 MP: 0/0
  2833 | D:4      | Found a hide-covered altar of Uskayaw.
  3088 | D:4      | Found a sparkling altar of Nemelex Xobeh.
  3089 | D:4      | Found a basalt altar of Yredelemnul.
  3597 | D:5      | Entered Level 5 of the Dungeon
  3702 | D:5      | Noticed an ogre
  3711 | D:5      | Killed an ogre
  3733 | D:5      | Reached XP level 7. HP: 30/50 MP: 0/0
  3733 | D:5      | Learned a level 2 spell: Passwall
  3754 | D:5      | Reached skill level 5 in Spellcasting
  3757 | D:5      | Killed from afar by an orc wizard

Illustrated notes

Levels and vault maps discovered:
D:1:      dpeg_arrival_simpleton_c, layout_rooms,
          hellmonk_ecumenical_altar_zigzags
D:2:      layout_loops_corners, basic_altar, amcnicky_mini_corridor_feature
D:3:      layout_basic, minmay_increasing_density
D:4:      layout_basic, mainiacjoe_overflow_divided_tiny,
          nicolae_uskayaw_dance_hall
D:5:      gammafunk_wand_slinger, layout_loops_ring, overflow_temple_1_default,
          uniq_crazy_yiuf_cottage

Skill      XL: |  1  2  3  4  5  6  7 |
---------------+----------------------+-----
Fighting       | 1 2 3 |  3.6
Spellcasting   | 3 4 5 |  5.0
Dodging        | |  2.1
Stealth        | |  1.5

Action                   |  1- 3 |  4- 6 |  7- 9 || total
-------------------------+-------+-------+-------++-------
Melee: Unarmed           |     1 |       |       ||     1
 Fire: Sling             |    18 |    61 |     2 ||    81
 Cast: Sting             |    47 |    40 |       ||    87
       Poisonous Vapours |       |    16 |     6 ||    22
       Mephitic Cloud    |       |     1 |       ||     1
       Olgreb's Toxic Ra |       |       |     1 ||     1
  Use: Scroll            |       |    11 |       ||    11
Armor: Robe              |     1 |     5 |       ||     6
Dodge: Dodged            |    21 |    18 |     1 ||    40

Table legend: (Time is in decaauts)
 A = Elapsed time spent in this place.
 B = Non-inter-level travel time spent in this place.
 C = Inter-level travel time spent in this place.
 D = Time resting spent in this place.
 E = Time spent auto-exploring this place.
 F = Levels seen in this place.
 G = Mean time per level.
                   A        B        C        D        E       F      G
               +--------+--------+--------+--------+--------+-----+--------+
         Total |   3787 |   3618 |    169 |     43 |   3086 |   5 |  757.4 |
       Dungeon |   3787 |   3618 |    169 |     43 |   3086 |   5 |  757.4 |
               +--------+--------+--------+--------+--------+-----+--------+

Top non-repeatable levels by time:
     D:4: 1193 daAuts
     D:3: 987 daAuts
     D:2: 944 daAuts
     D:1: 551 daAuts
     D:5: 111 daAuts
